Map: Écho EC

Players

AgCl

  • Race: Protoss Protoss

Redicari - Winner!

  • Race: Protoss Protoss

VOD

Have the link to the VOD?

Description

Time

  • Played on: May 5, 2015, 7:31 a.m.
  • Length: 10:51
Show
View Real Time Build Order
Export as new Build Order

AgCl Protoss 

Build Orders: Phoenix Opening, Phoenix Opening 

Get SALT Encoding   

  12  0:02  Probe  
  13  0:15  Pylon  
  13  0:16  Probe  
  14  0:34  Gateway, Probe  
  15  0:47  Probe  
  16  0:59  Probe  
  17  1:05  Assimilator  
  17  1:11  Probe  
  18  1:12  Pylon  
  18  1:21  Cybernetics Core  
  18  1:23  Probe (Chrono Boost)  
  19  1:25  Assimilator  
  20  1:34  Probe (Chrono Boost)  
  20  1:40  Probe (Chrono Boost)  
  21  1:52  Probe (Chrono Boost)  
  22  1:59  Probe (Chrono Boost)  
  22  2:00  Warp Gate (Chrono Boost)  
  23  2:10  Mothership Core (Chrono Boost)  
  25  2:28  Probe  
  26  2:31  Pylon  
  26  2:39  Stargate  
  26  2:40  Probe (Chrono Boost)  
  27  2:52  Probe (Chrono Boost)  
  27  2:55  Nexus  
  28  3:01  Probe (Chrono Boost)  
  29  3:08  Robotics Facility  
  29  3:10  Probe  
  29  3:11  Pylon  
  30  3:19  Pylon  
  30  3:20  Pylon  
  30  3:23  Phoenix (Chrono Boost)  
  32  3:30  Probe  
  33  3:41  Phoenix (Chrono Boost)  
  33  3:42  Probe  
  36  3:54  Probe  
  37  4:02  Phoenix (Chrono Boost)  
  39  4:05  Observer  
  39  4:06  Probe  
  39  4:09  Probe  
  36  4:19  Probe  
  35  4:34  Probe (Chrono Boost)  
  37  4:38  Probe (Chrono Boost)  
  37  4:44  Probe (Chrono Boost)  
  39  4:46  Probe (Chrono Boost)  
  39  4:48  Forge  
  39  4:51  Probe (Chrono Boost)  
  40  4:57  Probe (Chrono Boost)  
  40  4:58  Assimilator  
  41  5:03  Assimilator  
  42  5:08  Phoenix (Chrono Boost)  
  42  5:09  Probe (Chrono Boost)  
  45  5:15  Probe (Chrono Boost)  
  45  5:18  Probe (Chrono Boost)  
  46  5:23  Gateway  
  46  5:24  Probe (Chrono Boost)  
  46  5:25  Gateway  
  46  5:26  Gateway  
  48  5:33  Probe x2 (Chrono Boost)  
  49  5:41  Probe (Chrono Boost)  
  51  5:46  Probe (Chrono Boost)  
  51  5:49  Probe (Chrono Boost)  
  52  5:51  Protoss Ground Weapons Level 1 (Chrono Boost)  
  52  5:52  Probe (Chrono Boost), Protoss Air Weapons Level 1  
  53  5:58  Probe  
  54  6:04  Probe  
  51  6:21  Probe (Chrono Boost)  
  51  6:25  Photon Cannon  
  53  6:26  Probe (Chrono Boost)  
  53  6:27  Twilight Council  
  53  6:28  Pylon  
  53  6:29  Immortal (Chrono Boost)  
  57  6:35  Probe (Chrono Boost)  
  57  6:37  Robotics Facility  
  57  6:39  Pylon  
  57  6:44  Probe  
  58  6:59  Nexus  
  58  7:01  Pylon  
  58  7:04  Pylon  
  58  7:06  Dark Shrine  
  58  7:10  Pylon  
  58  7:15  Immortal (Chrono Boost)  
  62  7:19  Probe  
  63  7:24  Immortal (Chrono Boost)  
  63  7:25  Probe  
  68  7:31  Probe  
  69  7:37  Probe  
  69  7:40  Immortal (Chrono Boost)  
  69  7:43  Probe  
  75  7:46  Photon Cannon  
  75  7:50  Probe, Observer (Chrono Boost)  
  77  7:52  Gateway  
  77  7:53  Gateway, Protoss Ground Weapons Level 2 (Chrono Boost)  
  77  7:58  Probe  
  76  8:22  Dark Templar x4  
  84  8:29  Warp Prism (Chrono Boost)  
  84  8:30  Immortal (Chrono Boost)  
  84  9:03  Probe (Chrono Boost)  
  84  9:04  Nexus  
  84  9:06  Pylon  
  84  9:07  Probe (Chrono Boost)  
  84  9:11  Immortal x2 (Chrono Boost)  
  93  9:18  Pylon, Assimilator  
  93  9:20  Assimilator  
  93  9:21  Dark Templar x2  
  93  9:23  Dark Templar  
  93  9:24  Dark Templar  
  100  9:26  Archon  
  100  9:27  Archon  
  100  9:30  Probe  
  101  9:38  Gateway  
  101  9:42  Gateway  
  101  10:05  Dark Templar  
  103  10:10  Dark Templar  
  105  10:15  Archon  
  72  10:45  Dark Templar x3  
Show
View Real Time Build Order
Export as new Build Order

Redicari Protoss - Winner!

Build Orders: Oracle Opening, Oracle Opening 

Get SALT Encoding   

  12  0:01  Probe  
  13  0:15  Pylon  
  13  0:17  Probe  
  14  0:33  Probe (Chrono Boost)  
  14  0:35  Gateway  
  16  0:43  Probe (Chrono Boost)  
  16  0:46  Assimilator  
  16  0:50  Assimilator  
  16  0:51  Probe  
  17  1:03  Probe (Chrono Boost)  
  18  1:07  Pylon  
  18  1:15  Probe (Chrono Boost)  
  19  1:21  Probe (Chrono Boost)  
  19  1:22  Cybernetics Core  
  23  1:32  Probe (Chrono Boost)  
  23  1:44  Probe (Chrono Boost)  
  24  1:50  Probe (Chrono Boost)  
  25  1:58  Stalker, Warp Gate  
  25  2:02  Mothership Core (Chrono Boost)  
  25  2:04  Pylon  
  28  2:22  Probe (Chrono Boost)  
  28  2:24  Stargate  
  28  2:29  Probe (Chrono Boost)  
  29  2:32  Stalker  
  31  2:40  Probe  
  32  2:55  Nexus  
  32  3:10  Oracle (Chrono Boost)  
  35  3:15  Probe  
  35  3:19  Pylon  
  36  3:24  Gateway  
  36  3:35  Gateway  
  36  3:36  Pylon  
  36  3:44  Probe  
  37  3:53  Robotics Facility  
  37  3:56  Probe  
  38  4:08  Probe  
  39  4:20  Probe  
  39  4:23  Stalker  
  39  4:25  Twilight Council  
  39  4:27  Probe  
  39  4:29  Pylon  
  40  4:32  Stalker  
  42  4:42  Stalker  
  44  4:46  Observer  
  44  4:47  Stalker  
  47  4:58  Probe (Chrono Boost)  
  49  5:02  Blink (Chrono Boost), Assimilator  
  49  5:03  Probe (Chrono Boost)  
  50  5:07  Assimilator  
  50  5:08  Probe (Chrono Boost)  
  50  5:10  Forge  
  50  5:11  Probe (Chrono Boost)  
  51  5:15  Probe  
  51  5:16  Sentry  
  54  5:22  Probe  
  54  5:25  Pylon  
  55  5:28  Stalker  
  55  5:30  Probe  
  58  5:35  Probe  
  59  5:47  Protoss Ground Weapons Level 1 (Chrono Boost)  
  59  5:49  Probe (Chrono Boost), Photon Cannon  
  60  5:51  Probe (Chrono Boost), Photon Cannon  
  61  6:01  Probe (Chrono Boost)  
  61  6:02  Probe (Chrono Boost)  
  63  6:08  Stalker x2  
  63  6:09  Stalker  
  66  6:19  Probe  
  67  6:29  Probe  
  67  6:31  Probe  
  69  6:34  Robotics Bay  
  69  6:42  Immortal (Chrono Boost)  
  69  6:43  Probe  
  69  6:44  Zealot x2  
  78  6:50  Charge (Chrono Boost)  
  78  7:00  Probe  
  78  7:11  Gateway  
  78  7:12  Gateway  
  78  7:14  Gateway  
  78  7:15  Gateway  
  78  7:29  Probe  
  84  7:30  Probe, Disruptor (Chrono Boost), Protoss Ground Weapons Level 2  
  84  7:49  Templar Archives  
  84  7:50  Pylon  
  84  7:51  Nexus, Pylon  
  84  7:52  Pylon  
  84  8:08  Probe  
  81  8:20  Disruptor  
  81  8:22  Stalker x3  
  87  8:29  Probe x2  
  89  8:38  Photon Cannon  
  89  8:41  Pylon  
  89  8:59  Observer (Chrono Boost)  
  90  9:03  Probe x2  
  90  9:06  Zealot x4  
  100  9:13  Observer (Chrono Boost)  
  100  9:16  Probe x2, Photon Cannon  
  103  9:18  Probe  
  103  9:21  Pylon  
  103  9:23  Pylon  
  104  9:25  Pylon  
  104  9:27  Photon Cannon  
  104  9:31  Robotics Facility  
  104  9:34  Zealot x4  
  104  9:37  High Templar x3  
  118  9:42  Archon, Assimilator  
  118  9:44  Assimilator  
  118  9:56  High Templar  
  118  9:57  High Templar x2  
  124  10:01  Disruptor  
  124  10:04  Pylon, Archon  
  124  10:05  Archon  
  130  10:23  Disruptor (Chrono Boost)  
  130  10:24  Warp Prism (Chrono Boost)  
  130  10:27  Dark Shrine  
  130  10:28  Gateway  
  130  10:34  Gateway  
  116  10:37  Pylon  
  116  10:38  Pylon  
  116  10:39  Pylon  
Tags
 
Add a new tag
Caveats
  • Supply blocks, unpowered buildings, or Contaminate may cause inaccurate times.
  • Supply counts are checked every 10 seconds.